 Dungeon Crawl Stone Soup version 0.25.1-8-g42b30a86e7 (webtiles) character file.

Game seed: 18372210716327533992

2155 C3l3ry the Cudgeler (level 9, -2/56 HPs)
             Began as a Gargoyle Fighter on Dec 24, 2020.
             Was an Initiate of Okawaru.
             Slain by an orc warrior
             ... wielding a +0 battleaxe
              (17 damage)
             ... on level 5 of the Dungeon on Dec 25, 2020.
             The game lasted 00:23:39 (6690 turns).

C3l3ry the Cudgeler (Gargoyle Fighter)              Turns: 6690, Time: 00:23:40

Health: -2/56      AC: 18    Str: 22    XL:     9   Next: 31%
Magic:  9/9        EV:  6    Int: 10    God:    Okawaru [......]
Gold:   276        SH: 10    Dex:  9    Spells: 8/8 levels left

rFire    . . .     SeeInvis .   g - +1 whip (flame)
rCold    . . .     Gourm    .   c - +0 kite shield
rNeg     + . .     Faith    .   u - +0 chain mail
rPois    ∞         Spirit   .   (no helmet)
rElec    +         Reflect  .   v - +0 cloak
rCorr    .         Harm     .   (no gloves)
MR       .....                  (no boots)
Stlth    ..........             (no amulet)
HPRegen  0.18/turn              (no ring)
MPRegen  0.11/turn              (no ring)

@: no status effects
A: negative energy resistance 1, electricity resistance, unbreathing,
petrification resistance, rot immunity, AC +6
a: Renounce Religion


You were on level 5 of the Dungeon.
You worshipped Okawaru.
Okawaru was noncommittal.
You were hungry.

You visited 2 branches of the dungeon, and saw 7 of its levels.

You collected 276 gold pieces.

Inventory:

Hand Weapons
 a - a +0 flail
 g - a +1 whip of flaming (weapon)
 x - a +1 mace of protection
Missiles
 m - 50 poisoned darts (quivered)
 o - 8 javelins
Armour
 c - a +0 kite shield (worn)
 u - a +0 chain mail (worn)
 v - a +0 cloak (worn)
 w - a cursed +0 pair of boots
Jewellery
 k - an uncursed amulet of reflection {unknown}
 p - a cursed ring of teleportation {unknown}
 D - an uncursed ring of resist corrosion {unknown}
 F - an uncursed ring of resist corrosion {unknown}
Wands
 r - a wand of polymorph (11)
 B - a wand of flame (19)
Scrolls
 j - 2 scrolls of teleportation {unknown}
 l - 3 scrolls of magic mapping {unknown}
 n - 6 scrolls of remove curse {unknown}
 s - 3 scrolls of immolation {unknown}
 y - 2 scrolls of random uselessness {unknown}
 z - a scroll of noise {unknown}
 A - a scroll of blinking {unknown}
 C - a scroll of identify
 H - 5 scrolls of amnesia {unknown}
 I - a scroll of enchant armour {unknown}
Potions
 b - a potion of berserk rage
 d - a potion of might
 e - a potion of invisibility
 h - 2 potions of flight
 i - 2 potions of curing
 q - a potion of heal wounds {unknown}
 t - a potion of stabbing {unknown}
 E - a potion of magic {unknown}
 G - a potion of brilliance {unknown}
Comestibles
 f - 7 rations


   Skills:
 + Level 6.7 Fighting
 * Level 7.8 Maces & Flails
 + Level 6.7 Armour
 + Level 6.8 Shields


You had 8 spell levels left.
You didn't know any spells.
Your spell library contained the following spells:

 Spells                   Type           Power        Failure   Level  Hunger
 Confusing Touch          Hex            #.......     100%        3    ####...
 Gell's Gravitas          Tloc           #.........   100%        3    ####...
 Petrify                  Tmut/Erth      #.......     100%        4    #####..
 Metabolic Englaciation   Hex/Ice        #.........   100%        5    ######.
 Yara's Violent Unravell  Hex/Tmut       #.........   100%        5    ######.


Dungeon Overview and Level Annotations

Branches:
Dungeon (6/15)             Temple (1/1) D:6

Altars:
Ashenzari
Cheibriados
Dithmenos
Elyvilon
Fedhas
Gozag
Hepliaklqana
Kikubaaqudgha
Makhleb
Okawaru
Qazlal
Ru
Sif Muna
Vehumet
Wu Jian
Xom
Yredelemnul
Zin
The Shining One


Innate Abilities, Weirdness & Mutations

You are resistant to torment.
Your stone body is resilient. (AC +6)
You are immune to poison.
You resist negative energy. (rN+)
You are resistant to electric shocks. (rElec)
You can survive without breathing.
You are immune to petrification.
You are immune to rotting.


Message History

* * * LOW HITPOINT WARNING * * *
You whack the orc warrior! You burn the orc warrior.
The orc warrior is heavily wounded.
You hit the orc warrior but do no damage.
The orc warrior is heavily wounded.
The orc warrior hits you but does no damage.
You whack the orc warrior! You burn the orc warrior.
The orc warrior is almost dead.
You hit the orc warrior but do no damage.
The orc warrior is almost dead.
You block the orc warrior's attack.
You hit the orc warrior but do no damage.
The orc warrior is almost dead.
You block the orc warrior's attack.
You hit the orc warrior. You burn the orc warrior.
The orc warrior is almost dead.
You closely miss the orc warrior.
The orc warrior is almost dead.
The orc warrior hits you with a +0 battleaxe!
You die...

##############
#...........
#............#
###########.
#.........####
#.
#.........####
#.
#.........##.#
#.
#............#
### #.
####.........#
#.###.
##..##..#o##
#.##..
#.........@#
#.##..
#....#...(.#
#.....
##...#...#.# ##
####..
##......### ##.
#####.
#...####.#
##.## #..<..
######...##...#
##...# ##>...
#.....[..#..###


#PPPP# #.)... #...>......## #....# #.##.. #..........## #....###..... You could
see an orc warrior.

Vanquished Creatures
  Pikel (D:5)
  Eustachio (D:4)
  2 orc warriors (D:6)
  A sky beast (D:6)
  4 slaves (D:4)
  2 ice beasts
  An ogre (D:4)
  A necrophage (D:4)
  2 bullfrogs (D:5)
  A wyvern skeleton (D:6)
  A water moccasin skeleton (D:5)
  A howler monkey (D:5)
  A crimson imp (D:6)
  A bullfrog zombie (D:6)
  2 orc priests
  2 hounds
  2 jellies (D:3)
  A centaur skeleton (D:4)
  2 worker ants (D:5)
  A howler monkey zombie (D:6)
  11 gnolls
  8 adders
  An adder skeleton (D:4)
  A worm (D:4)
  3 dart slugs
  5 leopard geckos
  8 orcs
  11 bats
  2 giant cockroaches
  2 gnoll zombies (D:2)
  8 goblins (D:1)
  6 hobgoblins
  2 iguanas
  8 jackals
  2 quokkas
  2 ball pythons
  6 frilled lizards
  6 kobolds
  4 rats (D:1)
126 creatures vanquished.

Notes
Turn   | Place    | Note
-------+----------+-------------------------------------------
     0 | D:1      | C3l3ry the Gargoyle Fighter began the quest for the Orb.
     0 | D:1      | Reached XP level 1. HP: 14/14 MP: 1/1
   117 | D:1      | Reached XP level 2. HP: 16/19 MP: 2/2
   353 | D:1      | Reached XP level 3. HP: 19/23 MP: 3/3
   945 | D:2      | Reached skill level 3 in Maces & Flails
   952 | D:2      | Reached XP level 4. HP: 23/29 MP: 4/4
  1217 | D:2      | Found a basalt altar of Yredelemnul.
  2218 | D:3      | Reached XP level 5. HP: 31/33 MP: 5/5
  2719 | D:3      | Reached skill level 4 in Maces & Flails
  2918 | D:3      | Found a shimmering altar of Xom.
  2925 | D:3      | Reached XP level 6. HP: 26/39 MP: 6/6
  4071 | D:4      | Noticed Eustachio
  4117 | D:4      | Killed Eustachio
  4117 | D:4      | Reached skill level 5 in Maces & Flails
  4117 | D:4      | Reached skill level 5 in Shields
  4117 | D:4      | Reached XP level 7. HP: 43/44 MP: 7/7
  4690 | D:5      | Entered Level 5 of the Dungeon
  4690 | D:5      | Noticed Pikel
  4857 | D:4      | Reached skill level 5 in Fighting
  4857 | D:4      | Reached skill level 5 in Armour
  5311 | D:5      | Killed Pikel
  5311 | D:5      | Reached skill level 6 in Maces & Flails
  5311 | D:5      | Reached XP level 8. HP: 41/51 MP: 8/8
  5864 | D:5      | Reached skill level 7 in Maces & Flails
  5935 | D:5      | Reached XP level 9. HP: 44/56 MP: 9/9
  6011 | D:6      | Found a staircase to the Ecumenical Temple.
  6024 | Temple   | Entered the Ecumenical Temple
  6191 | Temple   | Became a worshipper of Warmaster Okawaru
  6282 | D:6      | Found a radiant altar of Vehumet.
  6575 | D:6      | Found a stormy altar of Qazlal.
  6589 | D:6      | Found a snail-covered altar of Cheibriados.
  6690 | D:5      | Slain by an orc warrior

Illustrated notes

Levels and vault maps discovered:
D:1:      dpeg_arrival_tiny_d, layout_basic, chequers_serial_rivers_micro_d
D:2:      layout_rooms, lemuel_zombie_altar_yredelemnul
D:3:      layout_basic, dk_xom_monty_hall
D:4:      minmay_clustersquares, layout_basic, first_ration, uniq_eustachio
D:5:      layout_rooms, uniq_pikel, uniq_crazy_yiuf_cottage
D:6:      layout_rooms, vehumet_altar_wand_db, grunt_temple_overflow_open,
          amethyst_overflow_temple_binary, minmay_temple_entry_offerings,
          water_maze_lemuel
Temple:   regret_index_temple_generic_petals

Skill      XL: |  1  2  3  4  5  6  7  8 |
---------------+-------------------------+-----
Maces & Flails | 3 4 5 6 7 |  7.8
Fighting       | 4 5 6 |  6.7
Shields        | 4 5 6 |  6.8
Armour         | 4 5 6 |  6.7

Action                   |  1- 3 |  4- 6 |  7- 9 || total
-------------------------+-------+-------+-------++-------
Melee: Flail             |   172 |   286 |       ||   458
       Mace              |       |    21 |   117 ||   138
       Whip              |       |       |   194 ||   194
  Use: Scroll            |       |     4 |     1 ||     5
  Eat: Chunk             |       |     5 |     4 ||     9
       Ration            |       |     2 |     1 ||     3
Armor: Scale mail        |   153 |     9 |       ||   162
       Chain mail        |       |   193 |   163 ||   356
       Skin              |       |     1 |       ||     1
Dodge: Dodged            |    78 |    80 |    58 ||   216
Block: Kite shield       |   139 |   197 |   131 ||   467
